 Dungeon Crawl Stone Soup version 0.22.1-1-ga44c0e5 (webtiles) character file.

220 juanjsm the Sneak (level 5, -3/25 HPs)
             Began as a Spriggan Enchanter on Sept 30, 2018.
             Slain by a hornet (11 damage)
             ... while paralysed by a hornet
             ... on level 7 of the Dungeon.
             The game lasted 00:28:17 (3406 turns).

juanjsm the Sneak (Spriggan Enchanter)              Turns: 3406, Time: 00:28:18

Health: -3/25      AC:  4    Str:  4    XL:     5   Next: 64%
Magic:  1/11       EV:  4    Int: 18    God:
Gold:   143        SH:  0    Dex: 16    Spells: 1/10 levels left

rFire    . . .     SeeInvis +   a - +1 dagger
rCold    . . .     Gourm    .   (shield restricted)
rNeg     . . .     Faith    .   r - +2 robe {MR+}
rPois    .         Spirit   .   (helmet restricted)
rElec    .         Reflect  .   (no cloak)
rCorr    .         Harm     .   (gloves unavailable)
MR       +....                  (boots unavailable)
Stlth    ++++......             (no amulet)
HPRegen  0.08/turn              (no ring)
MPRegen  0.12/turn              (no ring)

@: paralysed, lethally poisoned (-3 -> -11), very quick
A: very small, unfitting armour, see invisible, herbivore, speed 3, slow
metabolism 2
a: no special abilities


You were on level 7 of the Dungeon.
You were not hungry.

You visited 1 branch of the dungeon, and saw 5 of its levels.

You collected 143 gold pieces.

Inventory:

Hand Weapons
 a - a +1 dagger (weapon)
 d - a +0 hunting sling
 i - a cursed -2 club
Missiles
 h - 4 curare-tipped needles
 v - 11 poisoned needles
Armour
 r - a +2 robe of magic resistance (worn)
Jewellery
 x - an uncursed amulet of rage
Wands
 n - a wand of polymorph (11)
Scrolls
 c - 2 scrolls of remove curse {unknown}
 f - 5 scrolls of identify {unknown}
 j - a scroll of fear {unknown}
 t - a scroll of blinking {unknown}
 u - a scroll of teleportation {unknown}
Potions
 b - a potion of curing {unknown}
 e - a potion of cancellation
 g - a potion of magic {unknown}
 k - a potion of lignification {unknown}
 l - a potion of ambrosia {unknown}
 m - a potion of resistance {unknown}
 o - a potion of berserk rage {unknown}
 p - a potion of might {unknown}
 q - a potion of heal wounds {unknown}
 s - a potion of haste {unknown}
 w - a potion of mutation {unknown}
Comestibles
 z - a ration


   Skills:
 + Level 0.5 Fighting
 + Level 1.4 Short Blades
 + Level 3.8 Dodging
 + Level 7.0 Stealth
 + Level 3.3 Spellcasting
 + Level 5.2 Hexes
 + Level 0.7 Ice Magic


You had one spell level left.
You knew the following spells:

 Your Spells              Type           Power        Failure   Level  Hunger
a - Corona                Hex            ###....      1%          1    None
b - Ensorcelled Hibernat  Hex/Ice        ##....       7%          2    ##.....
c - Confuse               Hex            ###.....     5%          3    ###....
d - Dazzling Spray        Conj/Hex       ##....       16%         3    ###....

Your spell library contained the following spells:

 Spells                   Type           Power        Failure   Level  Hunger
 Tukima's Dance           Hex            ###.....     5%          3    ###....


Dungeon Overview and Level Annotations

Branches:
Dungeon (4/15)
 Temple: D:4-7

Altars:
Dithmenos
Fedhas
Makhleb


Innate Abilities, Weirdness & Mutations

You are very small and have problems with some larger weapons.
You are too small for most types of armour.
You have supernaturally acute eyesight. (SInv)
You are a herbivore.
You cover ground extremely quickly.
You need to consume almost no food.


Message History

Okay, then.
Casting: Ensorcelled Hibernation (safe; 7% risk of failure)
Confirm with . or Enter, or press ? or * to list all spells.
Aiming: Confuse (safe; 5% risk of failure)
Press: ? - help, Shift-Dir - straight line, f - hornet
Aim: a hornet (almost dead, chance to defeat MR: 42%)
The hornet resists with some effort.
You feel sick. The hornet stings you.
You feel as though you will be slow longer.
The hornet stings you but does no damage.
You feel sick. The hornet misses you.
You feel yourself speed up.
Casting: Confuse (safe; 5% risk of failure)
Confirm with . or Enter, or press ? or * to list all spells.
You don't have enough magic to cast that spell.
Unknown command.
It was a potion of cancellation.
You feel magically purged.
You feel sick. The hornet barely misses you. The hornet stings you.
You suddenly lose the ability to move!
You feel sick. The hornet stings you!
You die...

# #. # #.## ..#
#...### #....
#.....###......
#.....y@...#
#.........###
#..###...### .
##..# ##.. #..#
#..# #..#


You could see a hornet.

Vanquished Creatures
  A hound (D:3)
  A jelly (D:3)
  Jessica (D:3)
  Robin (D:2)
  4 adders
  An ooze (D:3)
  An adder skeleton (D:4)
  A worm (D:2)
  2 dart slugs
  3 leopard geckos
  3 ball pythons
  5 giant cockroaches
  11 goblins
  15 hobgoblins
  2 quokkas
  7 bats
  4 frilled lizards
  4 kobolds
  7 rats
74 creatures vanquished.

Vanquished Creatures (others)
  A fungus (D:2)
1 creature vanquished.

Grand Total: 75 creatures vanquished

Notes
Turn   | Place    | Note
-------+----------+-------------------------------------------
     0 | D:1      | juanjsm the Spriggan Enchanter began the quest for the Orb.
     0 | D:1      | Reached XP level 1. HP: 9/9 MP: 5/5
   303 | D:1      | Reached XP level 2. HP: 13/13 MP: 4/6
   381 | D:1      | Learned a level 2 spell: Ensorcelled Hibernation
   458 | D:1      | Reached skill level 5 in Stealth
   803 | D:2      | Reached XP level 3. HP: 16/16 MP: 6/8
   810 | D:2      | Found a blossoming altar of Fedhas.
  1103 | D:2      | Noticed Jessica
  1301 | D:2      | Noticed Robin
  1536 | D:1      | Learned a level 3 spell: Confuse
  1871 | D:2      | Reached XP level 4. HP: 21/21 MP: 2/9
  2004 | D:2      | Killed Robin
  2168 | D:3      | Learned a level 3 spell: Dazzling Spray
  2322 | D:3      | Found a shadowy altar of Dithmenos.
  2366 | D:3      | Found a burning altar of Makhleb.
  2381 | D:3      | Reached skill level 6 in Stealth
  2381 | D:3      | Reached XP level 5. HP: 9/25 MP: 2/10
  2722 | D:3      | Killed Jessica
  2722 | D:3      | Reached skill level 5 in Hexes
  3349 | D:3      | Reached skill level 7 in Stealth
  3400 | D:4      | You fall through a shaft for 3 floors!
  3400 | D:7      | Noticed a hornet
  3405 | D:7      | Paralysed by a hornet for 2 turns
  3406 | D:7      | Slain by a hornet

Skill      XL: |  1  2  3  4  5 |
---------------+----------------+-----
Hexes          | 4 5 |  5.2
Stealth        | 5 6 7 |  7.0
Spellcasting   | 3 |  3.3
Fighting       | |  0.5
Short Blades   | |  1.4
Dodging        | |  3.8
Ice Magic      | |  0.7

Action                   |  1- 3 |  4- 6 || total
-------------------------+-------+-------++-------
Melee: Dagger            |   115 |    97 ||   212
 Cast: Corona            |    16 |       ||    16
       Ensorcelled Hiber |    29 |    35 ||    64
       Confuse           |     2 |     6 ||     8
  Use: Potion            |       |     1 ||     1
 Stab: Sleeping          |    30 |    26 ||    56
       Distracted        |     1 |       ||     1
       Confused          |       |     2 ||     2
  Eat: Ration            |     1 |     1 ||     2
Armor: Robe              |    21 |    14 ||    35
       Skin              |       |     8 ||     8
Dodge: Dodged            |   140 |    85 ||   225
